 Dungeon Crawl Stone Soup version 0.30-b1-2-g02819fbbbe (webtiles) character file.

Game seed: 6109314352348920799

968 Luinha the Sneak (level 8, -5/44 HPs)
             Began as a Tengu Brigand on Jan 14, 2024.
             Was an Initiate of Dithmenos.
             Slain by a gnoll
             ... wielding a +0 flail
              (9 damage)
             ... on level 6 of the Dungeon.
             The game lasted 00:17:57 (4380 turns).

Luinha the Sneak (Tengu Brigand)                    Turns: 4380, Time: 00:17:57

Health: -5/44      AC:  4    Str: 13    XL:     8   Next: 15%
Magic:  9/9        EV: 17    Int: 11    God:    Dithmenos [......]
Gold:   274        SH:  0    Dex: 17    Spells: 7/7 levels left

rFire   + . .        n - +4 dagger (freeze)
rCold   + . .        (no shield)
rNeg    . . .        b - +0 robe
rPois   +            (helmet restricted)
rElec   +            c - +1 cloak
rCorr   +            (no gloves)
SInv    .            (boots unavailable)
Will    +....        r - amulet of faith
Stlth   ++++         h - ring of willpower
HPRegen 0.27/turn    (no ring)
MPRegen 0.11/turn

%: faith
@: resistant, flying quickly and evasively, quick
A: beak, talons 3, nimble flight
a: Renounce Religion


You were on level 6 of the Dungeon.
You worshipped Dithmenos.
Dithmenos was noncommittal.
You visited 2 branches of the dungeon, and saw 7 of its levels.

You collected 274 gold pieces.

Inventory:

Hand Weapons
 n - a +4 dagger of freezing (weapon)
 t - a +2 dagger of venom
 u - a +2 short sword of protection
Missiles
 d - 8 poisoned darts (quivered)
 e - 3 curare-tipped darts
Armour
 b - a +0 robe (worn)
 c - a +1 cloak (worn)
 w - an orb of mayhem
Jewellery
 h - a ring of willpower (left hand)
 r - an amulet of faith (around neck)
 y - a ring of fire
Wands
 i - a wand of digging (5)
 D - a wand of polymorph (3)
Scrolls
 a - 2 scrolls of blinking
 j - a scroll of fog
 m - a scroll of poison
 o - 2 scrolls of amnesia
 q - 3 scrolls of teleportation
 s - 2 scrolls of identify
 x - a scroll of enchant armour
 A - a scroll of magic mapping
 C - 3 scrolls of immolation {unknown}
Potions
 f - a potion of flight
 g - a potion of berserk rage {unknown}
 k - a potion of might
 l - a potion of lignification
 p - 2 potions of curing
 z - a potion of mutation {unknown}
 B - 2 potions of attraction {unknown}


   Skills:
 - Level 2.0 Fighting
 * Level 6.3 Short Blades
 - Level 2.0 Throwing
 * Level 4.7 Dodging
 * Level 7.6 Stealth


You had 7 spell levels left.
You didn't know any spells.
Your spell library contained the following spells:

 Spells                   Type           Power      Damage    Failure   Level
 Sandblast                Erth           0%         2d4       34%         1
 Passwall                 Tmut/Erth      0%         N/A       47%         2
 Stone Arrow              Conj/Erth      0%         3d7       71%         3
 Anguish                  Hex/Necr       0%         N/A       98%         4
 Cause Fear               Hex            0%         N/A       98%         4
 Enfeeble                 Hex            0%         N/A       100%        7


Dungeon Overview and Level Annotations

Branches:
Dungeon (6/15)             Temple (1/1) D:4

Altars:
Ashenzari
Cheibriados
Dithmenos
Hepliaklqana
Kikubaaqudgha
Makhleb
Nemelex Xobeh
Qazlal
Sif Muna
Uskayaw
Vehumet
Wu Jian
Xom
The Shining One


Innate Abilities, Weirdness & Mutations

You have a beak for a mouth.
You have claws for feet.
Your magical nature lets you fly swiftly and evasively.


Message History

Unknown command.
The gnoll barely misses you. x2
The gnoll shouts!
You puncture the gnoll! You freeze the gnoll.
The gnoll is heavily wounded.
You closely miss the gnoll. Your kick misses the gnoll.
The gnoll is heavily wounded.
The gnoll misses you.
The gnoll hits you from afar with a +2 heavy spear!
* * * LOW HITPOINT WARNING * * *
You feel protected. The gnoll closely misses you.
You hit the gnoll. You freeze the gnoll. You claw the gnoll.
You peck the gnoll.
The gnoll is almost dead.
The gnoll misses you. The gnoll closely misses you.
You closely miss the gnoll. You claw the gnoll.
You kill the gnoll!
Dithmenos accepts your kill. The gnoll misses you. x2
Things that are here:
a +0 halberd; a gnoll corpse You hit the gnoll.
You freeze the gnoll. Your kick misses the gnoll.
The gnoll is moderately wounded.
The gnoll misses you.
You hit the gnoll. You freeze the gnoll. You peck the gnoll.
The gnoll is almost dead.
The gnoll hits you from afar with a +0 halberd!
* * * LOW HITPOINT WARNING * * *
The gnoll closely misses you.
You hit the gnoll. You freeze the gnoll.
You kill the gnoll!
Dithmenos accepts your kill. The gnoll closely misses you. x2
Things that are here:
a +2 heavy spear; a gnoll corpse You barely miss the gnoll.
You claw the gnoll!
The gnoll is severely wounded.
The gnoll completely misses you. The gnoll hits you with a +0 flail!
You die...

###### ### #..... ...
########.#.########.#
............. ...#.# #
...†.....#.### #.#.##.##
.###.#.......# #.†.....#
.............####.#........
.##...)....<...)@g...(..g..
.#...........####g......g..
.............## #.#.###.##.
#.............# #.#.# .#
#..........##.# #.#.# #
##.....#.### .# #.#.#
#....##.# .# #.# #.#.###.#
.. ..# #.#.# #.# ##


You could see 2 gnolls.

Vanquished Creatures
  A black bear (D:5)
  2 ogres
  A phantom (D:5)
  2 scorpions
  2 orc priests
  3 hounds
  Ijyb (D:4)
  An orc wizard (D:4)
  5 iguanas
  2 gnolls (D:6)
  7 adders
  An ufetubus (D:4)
  2 worms
  2 dart slugs
  7 orcs
  8 ball pythons
  7 endoplasms
  3 giant cockroaches
  6 goblins
  9 hobgoblins
  3 jackals (D:1)
  5 quokkas
  7 bats
  2 frilled lizards
  7 kobolds
  5 rats (D:1)
  A butterfly (D:4)
102 creatures vanquished.

Vanquished Creatures (collateral kills)
  An orc (D:5)
1 creature vanquished.

Vanquished Creatures (others)
  An orc (D:4)
  14 plants (D:1)
15 creatures vanquished.

Grand Total: 118 creatures vanquished

Notes
Turn   | Place    | Note
-------+----------+-------------------------------------------
     0 | D:1      | Luinha the Tengu Brigand began the quest for the Orb.
     0 | D:1      | Reached XP level 1. HP: 12/12 MP: 2/2
    49 | D:1      | Reached XP level 2. HP: 16/17 MP: 3/3
   385 | D:1      | Reached XP level 3. HP: 15/21 MP: 4/4
   861 | D:2      | Reached skill level 5 in Stealth
   978 | D:2      | Reached XP level 4. HP: 4/26 MP: 5/5
  1983 | D:3      | Gained mutation: Your magical nature lets you fly swiftly
                  | and evasively. [Tengu growth]
  1983 | D:3      | Reached XP level 5. HP: 21/30 MP: 6/6
  2114 | D:4      | Noticed Ijyb
  2128 | D:4      | Found a staircase to the Ecumenical Temple.
  2129 | D:4      | Noticed an ogre
  2150 | D:4      | Killed an ogre
  2151 | D:4      | Reached skill level 6 in Stealth
  2179 | Temple   | Entered the Ecumenical Temple
  2378 | D:4      | Reached XP level 6. HP: 13/35 MP: 7/7
  3216 | D:4      | Killed Ijyb
  3535 | D:5      | Entered Level 5 of the Dungeon
  3545 | D:5      | Reached XP level 7. HP: 36/40 MP: 8/8
  3693 | D:5      | Reached skill level 5 in Short Blades
  3759 | D:5      | Reached skill level 7 in Stealth
  4128 | D:5      | Found a shadowy altar of Dithmenos.
  4128 | D:5      | Found a shimmering blue altar of Sif Muna.
  4132 | D:5      | Became a worshipper of Dithmenos the Shadowed
  4230 | D:6      | Reached XP level 8. HP: 44/44 MP: 9/9
  4286 | D:6      | Found a burning altar of Makhleb.
  4306 | D:6      | Found a hazy altar of Hepliaklqana.
  4380 | D:6      | Slain by a gnoll

Illustrated notes

Levels and vault maps discovered:
D:1:      dpeg_arrival_rhombus, layout_rooms, skrybe_limestone_x,
          chequers_serial_rivers_marsh, serial_bayou_lagoon_a,
          minmay_misc_feat_rows
D:2:      layout_basic
D:3:      layout_rooms, minmay_misc_feat_five
D:4:      layout_cave_pods, minmay_temple_entry_butterflies, grunt_ministairs_1,
          uniq_ijyb
D:5:      layout_rooms, gammafunk_temple_overflow_elements
D:6:      layout_loops_ring, nicolae_overflow_squiral
Temple:   zaba_magenta_temple

Skill      XL: |  1  2  3  4  5  6  7 |
---------------+----------------------+-----
Stealth        | 5 6 7 |  7.6
Short Blades   | 3 4 6 |  6.3
Dodging        | 2 3 4 |  4.7
Fighting       | |  2.0
Throwing       | |  2.0

Action                     |  1- 3 |  4- 6 |  7- 9 || total
---------------------------+-------+-------+-------++-------
  Melee: Dagger            |   135 |   139 |    76 ||   350
         Kick              |    32 |    33 |    25 ||    90
         Peck              |    29 |    20 |    12 ||    61
         Punch             |       |     1 |     1 ||     2
  Throw: Dart              |       |     3 |     1 ||     4
    Use: Scroll            |     8 |    10 |       ||    18
         Potion            |     1 |     3 |     1 ||     5
   Stab: Sleeping          |     3 |     5 |     4 ||    12
 Armour: Robe              |    15 |    27 |     8 ||    50
         Skin              |     3 |       |       ||     3
  Dodge: Dodged            |    42 |    82 |    51 ||   175
